 Dungeon Crawl Stone Soup version 0.30.0 (webtiles) character file.

Game seed: 6774689373184407071

53 samcosmo the Conjurer (level 3, -6/20 HPs)
             Began as a Deep Elf Conjurer on July 3, 2023.
             Killed from afar by Sigmund (11 damage)
             ... with a puff of flame
             ... on level 2 of the Dungeon.
             The game lasted 00:02:20 (1893 turns).

samcosmo the Conjurer (Deep Elf Conjurer)           Turns: 1893, Time: 00:02:21

Health: -6/20      AC:  6    Str:  4    XL:     3   Next: 62%
Magic:  3/10       EV: 12    Int: 24    God:
Gold:   106        SH:  0    Dex: 13    Spells: 7/10 levels left

rFire   . . .        (no weapon)
rCold   . . .        (no shield)
rNeg    . . .        a - +0 robe
rPois   .            (no helmet)
rElec   .            c - +0 cloak
rCorr   .            j - +2 pair of gloves
SInv    .            (no boots)
Will    .....        (no amulet)
Stlth   ++           (no ring)
HPRegen 0.23/turn    (no ring)
MPRegen 0.12/turn

%: no passive effects
@: no status effects
A: no striking features
a: no special abilities


You were on level 2 of the Dungeon.
You visited 1 branch of the dungeon, and saw 2 of its levels.

You collected 106 gold pieces.

Inventory:

Armour
 a - a +0 robe (worn)
 c - a +0 cloak (worn)
 j - a +2 pair of gloves (worn)
Scrolls
 k - a scroll of torment {unknown}
Potions
 b - a potion of magic
 d - a potion of berserk rage {unknown}
 e - a potion of cancellation {unknown}
 f - a potion of haste {unknown}
 g - a potion of curing {unknown}
 h - a potion of lignification {unknown}
 i - a potion of flight {unknown}


   Skills:
 + Level 1.1 Fighting
 - Level 2.4 Dodging
 - Level 2.4 Stealth
 * Level 4.4 Spellcasting
 + Level 4.8 Conjurations


You had 7 spell levels left.
You knew the following spells:

 Your Spells              Type           Power      Damage    Failure   Level
a - Magic Dart            Conj           100%       1d8       1%          1
b - Searing Ray           Conj           56%        2d6       1%          2

Your spell library contained the following spells:

 Spells                   Type           Power      Damage    Failure   Level
 Freeze                   Ice            20%        1d4       10%         1
 Dazzling Flash           Conj/Hex       32%        N/A       11%         3
 Hailstorm                Conj/Ice       16%        3d6       11%         3
 Frozen Ramparts          Ice            10%        1d2       28%         3
 Fulminant Prism          Conj/Hex       8%         3d7       34%         4
 Iskenderun's Mystic Bla  Conj/Tloc      16%        2d5       34%         4


Dungeon Overview and Level Annotations

Branches:
Dungeon (2/15)

Altars:

Annotations:
D:2 Sigmund


Message History

You see here a scroll labelled TADOKO WIDGH.
Sigmund casts a spell at you. The magic dart hits you.
Casting: Magic Dart (safe; 1% risk of failure)
Confirm with . or Enter, or press ? or * to list all spells.
Aiming: Searing Ray (safe; 1% risk of failure)
Press: ? - help, Shift-Dir - straight line, f/p - Sigmund
Aim: Sigmund, wielding a +0 scythe and wearing a +2 robe of fire resistance (lightly wounded, 77% to hit)
The searing ray hits Sigmund.
Sigmund is moderately wounded. (Press . to maintain the ray.)
The searing ray misses Sigmund.
Sigmund gestures wildly while chanting.
Sigmund flickers and vanishes!
Deactivating autopickup; reactivate with Ctrl-A.
The searing ray hits something.
The searing ray hits something.
You finish channelling your searing ray.
Something hits you!
Casting: Searing Ray (safe; 1% risk of failure)
Confirm with . or Enter, or press ? or * to list all spells.
Aiming: Searing Ray (safe; 1% risk of failure)
Press: ? - help, Shift-Dir - straight line The searing ray hits something. (Press . to maintain the ray.)
The searing ray hits something.
You hear some strange, mumbled words.
You are confused.
Something hits you but does no damage. Something hits you. Something hits you.
* * * LOW HITPOINT WARNING * * *
A puff of flame appears from out of thin air!
The puff of flame hits you.
* * * LOW HITPOINT WARNING * * *
You feel less confused.
A puff of flame appears from out of thin air!
The puff of flame hits you!
Ouch! That really hurt!
You die...

############
##..........##
##............##
#........{.....#
#.......?...@..#
#..............#
#..............#
#........†.....#
##............##
##..........##
..###.:..#...###
..
...##.##....##
.## #. ##.#..#
#####


There were no monsters in sight!

Vanquished Creatures
  An adder (D:2)
  2 dart slugs (D:1)
  2 ball pythons (D:1)
  4 bats
  4 endoplasms
  3 giant cockroaches (D:1)
  2 goblins (D:1)
  4 hobgoblins
  6 kobolds
  2 quokkas (D:1)
  3 frilled lizards (D:1)
  5 rats
38 creatures vanquished.

Notes
Turn   | Place    | Note
-------+----------+-------------------------------------------
     0 | D:1      | samcosmo the Deep Elf Conjurer began the quest for the Orb.
     0 | D:1      | Reached XP level 1. HP: 10/10 MP: 6/6
   175 | D:1      | Reached XP level 2. HP: 15/16 MP: 0/8
   277 | D:1      | Learned a level 2 spell: Searing Ray
   877 | D:1      | Reached XP level 3. HP: 16/20 MP: 6/10
  1062 | D:1      | Reached skill level 1 in Fighting
  1874 | D:2      | Noticed Sigmund
  1893 | D:2      | Killed from afar by Sigmund

Illustrated notes

Levels and vault maps discovered:
D:1:      dpeg_arrival_round_a, layout_basic, st_stairs_13,
          chequers_serial_rivers_large_a, chequers_big_river
D:2:      layout_rooms, basic_altar, uniq_crazy_yiuf_cottage, uniq_sigmund

Skill      XL: |  1  2  3 |
---------------+----------+-----
Spellcasting   | 4 |  4.4
Fighting       | 1 |  1.1
Dodging        | |  2.4
Stealth        | |  2.4
Conjurations   | |  4.8

Action                     || total
---------------------------++-------
   Cast: Magic Dart        ||    78
         Searing Ray       ||     2
 Armour: Robe              ||     4
  Dodge: Dodged            ||     2
